 Dungeon Crawl Stone Soup version 0.31-a0-1066-g35875b34c7 (webtiles) character file.

Game seed: 13124799518384969826

1582801 Jannitor the Warrior (level 27, 254/254 HPs)
             Began as an Octopode Delver on Nov 19, 2023.
             Was an Initiate of Gozag.
             Escaped with the Orb
             ... and 3 runes on Nov 22, 2023!
             The game lasted 04:32:16 (80733 turns).

Jannitor the Warrior (Octopode Delver)             Turns: 80733, Time: 04:32:17

Health: 254/254    AC: 39    Str: 15    XL:     27
Magic:  43/43      EV: 38    Int: 34    God:    Gozag
Gold:   7630       SH: 19    Dex: 20    Spells: 3/58 levels left

rFire   + + .        L - +3 Elemental Staff {ele, rElec rF+ rC+ AC+3}
rCold   + + .        z - +5 kite shield {AC+3}
rNeg    + + .        l - +2 hat {Stlth+}
rPois   ∞            J - amulet of Vitality {RegenMP++ Regen++}
rElec   +            g - +5 ring of evasion
rCorr   +            e - +5 ring of evasion
SInv    +            X - ring of Jexaareo {rElec rCorr Int+3 SInv}
Will    +++..        E - ring of willpower
Stlth   +++          W - +4 ring of protection
HPRegen 2.22/turn    u - +6 ring of intelligence
MPRegen 1.08/turn    t - +5 ring of evasion
                     K - ring of Mebru {rF++ rC+ rN+ Dex+3}

%: no passive effects
@: statue-form, very slow
A: slow and powerful, torment resistance 1, boosted hp, almost no armour,
amphibious, 8 rings, camouflage 1, (gelatinous body 1), (nimble swimmer 1),
tentacles, tentacle spike 1, agile 1, clever 1, strong 1, heat vulnerability 1,
noise suppression
0: Orb of Zot
}: 3/15 runes: decaying, serpentine, silver
a: Begin Untransformation, Renounce Religion, Potion Petition, Call Merchant,
Bribe Branch


You escaped.
You worshipped Gozag.
Gozag was greatly pleased with you.
You were a living statue of rough stone.
You visited 12 branches of the dungeon, and saw 52 of its levels.
You visited the Abyss 1 time.
You visited 1 bazaar.
You also visited: Sewer and Ice Cave.

You collected 30689 gold pieces.
You spent 8712 gold pieces at shops.
You paid 14347 gold pieces to Gozag.

Inventory:

Hand Weapons
 L - the +3 Elemental Staff (weapon) {ele, rElec rF+ rC+ AC+3}
   (You bought it in a shop on level 9 of the Dungeon)

   AC+3:      It affects your AC (+3).
   rF+:       It protects you from fire.
   rC+:       It protects you from cold.
   rElec:     It insulates you from electricity.
Armour
 l - a +2 hat of stealth (worn)
 z - a +5 kite shield of protection (worn)
Jewellery
 e - a +5 ring of evasion (right tentacle)
 g - a +5 ring of evasion (left tentacle)
 t - a +5 ring of evasion (on tentacle)
 u - a +6 ring of intelligence (on tentacle)
 E - a ring of willpower (on tentacle)
 J - the amulet of Vitality (around mantle) {RegenMP++ Regen++}
   (You bought it in a shop on level 1 of the Snake Pit)

   [amulet of magic regeneration]

   RegenMP:   It increases your rate of magic regeneration.
   Regen++:   It increases your rate of health regeneration.
 K - the ring of Mebru (on tentacle) {rF++ rC+ rN+ Dex+3}
   (You took it off a deep elf demonologist on level 3 of the Elven Halls)

   [ring of protection from cold]

   Dex+3:     It affects your dexterity (+3).
   rF++:      It greatly protects you from fire.
   rC+:       It protects you from cold.
   rN+:       It protects you from negative energy.
 W - a +4 ring of protection (on tentacle)
 X - the ring of Jexaareo (on tentacle) {rElec rCorr Int+3 SInv}
   (You bought it in a shop on level 1 of the Snake Pit)

   [ring of see invisible]

   Int+3:     It affects your intelligence (+3).
   rElec:     It insulates you from electricity.
   SInv:      It lets you see invisible.
   rCorr:     It protects you from acid and corrosion.
Talismans
 j - a granite talisman (active)
 S - a talisman of death
Wands
 f - a wand of digging (29)
 o - a wand of mindburst (23)
 A - a wand of iceblast (37)
 H - a wand of flame (61)
 I - a wand of paralysis (48)
 P - a wand of acid (10)
Scrolls
 b - 7 scrolls of fog
 c - 7 scrolls of revelation
 d - 5 scrolls of fear
 h - 11 scrolls of vulnerability
 i - 6 scrolls of immolation
 m - 11 scrolls of teleportation
 q - 4 scrolls of blinking
 s - a scroll of summoning
 y - 10 scrolls of poison
 C - 7 scrolls of amnesia
 D - 5 scrolls of silence
 N - 4 scrolls of torment
Potions
 k - 4 potions of mutation
 n - 2 potions of heal wounds
 r - 6 potions of attraction
 w - a potion of magic
 B - 7 potions of lignification
 F - 9 potions of enlightenment
 G - 4 potions of cancellation
 M - 20 potions of curing
 O - 3 potions of berserk rage
 Q - 4 potions of brilliance
 R - 5 potions of ambrosia
 T - 3 potions of invisibility
 U - 5 potions of haste
 V - 9 potions of might
 Y - 3 potions of resistance
Miscellaneous
 a - a lightning rod (4/4)
 p - a tin of tremorstones (2/2)
 v - a box of beasts
 x - a phantom mirror
 Z - the horn of Geryon


   Skills:
 - Level 18.2 Fighting
 - Level 5.0(9.0) Polearms
 - Level 11.5(12.0) Staves
 - Level 16.2 Dodging
 - Level 11.3 Stealth
 - Level 15.2 Shields
 - Level 16.3 Spellcasting
 - Level 10.3 Conjurations
 - Level 4.3 Translocations
 - Level 11.7 Transmutations
 - Level 13.1 Fire Magic
 + Level 18.0 Air Magic
 - Level 15.3 Poison Magic
 - Level 17.6 Evocations
 * Level 16.5 Shapeshifting


You had 3 spell levels left.
You knew the following spells:

 Your Spells              Type           Power      Damage    Failure   Level
a - Poisonous Vapours     Pois/Air       100%       N/A       0%          2
b - Mephitic Cloud        Conj/Pois/Air  100%       N/A       1%          3
c - Airstrike             Air            61%        2d(9-25)  0%          4
d - Fireball              Conj/Fire      52%        3d20      1%          5
e - Alistair's Intoxicat  Tmut/Pois      58%        N/A       1%          5
f - Eringya's Noxious Bo  Tmut/Pois      44%        4d6       1%          6
g - Ignite Poison         Fire/Tmut/Pois 100%       N/A       1%          3
h - Olgreb's Toxic Radia  Pois           93%        N/A       1%          4
i - Arcjolt               Conj/Air       56%        1d66      1%          5
j - Vhi's Electric Charg  Tloc/Air       100%       N/A       1%          4
k - Plasma Beam           Fire/Air       70%        2x1d87    1%          6
l - Maxwell's Capacitive  Air            61%        ∞         10%         8

Your spell library contained the following spells:

 Spells                   Type           Power      Damage    Failure   Level
 Shock                    Conj/Air       100%       1d9       0%          1
 Scorch                   Fire           100%       2d9       0%          2
 Swiftness                Air            100%       N/A       0%          3
 Apportation              Tloc           100%       N/A       1%          1
 Foxfire                  Conj/Fire      100%       2x1d9     1%          1
 Cigotuvi's Dreadful Rot  Necr/Pois/Air  100%       N/A       1%          2
 Lesser Beckoning         Tloc           100%       N/A       1%          2
 Passwall                 Tmut/Erth      65%        N/A       1%          2
 Dazzling Flash           Conj/Hex       100%       N/A       1%          3
 Gell's Gravitas          Tloc           55%        N/A       1%          3
 Hailstorm                Conj/Ice       76%        3d16      1%          3
 Inner Flame              Hex/Fire       83%        N/A       1%          3
 Stone Arrow              Conj/Erth      100%       3d13      1%          3
 Teleport Other           Tloc           55%        N/A       1%          3
 Freeze                   Ice            100%       1d10      2%          1
 Necrotise                Necr           100%       1d9       2%          1
 Slow                     Hex            100%       N/A       2%          1
 Summon Small Mammal      Summ           100%       N/A       2%          1
 Ensorcelled Hibernation  Hex/Ice        82%        N/A       3%          2
 Jinxbite                 Hex            54%        N/A       3%          2
 Confusing Touch          Hex            27%        N/A       7%          3
 Frozen Ramparts          Ice            82%        1d13      7%          3
 Ozocubu's Armour         Ice            41%        N/A       7%          3
 Sigil of Binding         Hex            27%        N/A       7%          3
 Vampiric Draining        Necr           27%        2d7       7%          3
 Flame Wave               Conj/Fire      100%       2d21      1%          4
 Freezing Cloud           Conj/Ice/Air   59%        6-21      1%          5
 Petrify                  Tmut/Erth      79%        N/A       2%          4
 Starburst                Conj/Fire      52%        6d14      3%          6
 Cause Fear               Hex            13%        N/A       24%         4
 Dispel Undead            Necr           27%        3d13      24%         4
 Summon Ice Beast         Ice/Summ       41%        N/A       24%         4
 Summon Forest            Summ/Tloc      21%        N/A       26%         5
 Borgnjor's Vile Clutch   Necr/Erth      20%        N/A       54%         5
 Metabolic Englaciation   Hex/Ice        20%        N/A       54%         5
 Summon Mana Viper        Hex/Summ       27%        N/A       54%         5
 Ignition                 Fire           54%        3d15      56%         8
 Death Channel            Necr           13%        N/A       98%         6
 Summon Cactus Giant      Summ           13%        N/A       98%         6
 Haunt                    Necr/Summ      13%        N/A       100%        7
 Monstrous Menagerie      Summ           13%        N/A       100%        7
 Ozocubu's Refrigeration  Ice            20%        4d12      100%        7
 Summon Hydra             Summ           13%        N/A       100%        7
 Borgnjor's Revivificati  Necr           13%        N/A       100%        8
 Discord                  Hex            13%        N/A       100%        8
 Lehudib's Crystal Spear  Conj/Erth      38%        10d9      100%        8
 Chain Lightning          Conj/Air       56%        3d74      100%        9
 Death's Door             Necr           13%        N/A       100%        9
 Dragon's Call            Summ           13%        N/A       100%        9
 Fire Storm               Conj/Fire      52%        8d13      100%        9
 Polar Vortex             Ice            20%        12d2*     100%        9
 Shatter                  Erth           20%        3d18*     100%        9
 Sublimation of Blood     Necr           Unusable   N/A       N/A         2
 Animate Armour           Summ/Erth      Unusable   N/A       N/A         4
 Animate Dead             Necr           Unusable   N/A       N/A         4
 Simulacrum               Ice/Necr       Unusable   N/A       N/A         6

Dungeon Overview and Level Annotations

Branches:
Dungeon (15/15)            Temple (1/1) D:6            Lair (5/5) D:8
  Swamp (4/4) Lair:3        Snake (4/4) Lair:2        Slime (0/5) Lair:5
    Orc (2/2) D:12            Elf (3/3) Orc:2        Vaults (5/5) D:14
  Crypt (3/3) Vaults:3       Tomb (0/3) Crypt:3      Depths (4/4) D:15
   Hell (visited)             Dis (0/7) Hell            Geh (0/7) Hell
    Coc (0/7) Hell            Tar (0/7) Hell            Zot (5/5) Depths:4
  Sewer (visited)           IceCv (visited)

Altars:
Ashenzari
Cheibriados
Dithmenos
Elyvilon
Fedhas
Gozag
Hepliaklqana
Kikubaaqudgha
Makhleb
Nemelex Xobeh
Okawaru
Qazlal
Ru
Sif Muna
Trog
Uskayaw
Vehumet
Wu Jian
Xom
Yredelemnul
Zin
The Shining One

Shops:
D:1 =   D:5 (   D:8 =   D:9 **   D:11 *[(   D:14 *   D:15 *   Orc:1 !
Orc:2 (::![   Elf:2 *   Elf:3 :   Swamp:3 !   Snake:1 =:==   Snake:3 [
Snake:4 ?((   Vaults:1 *[   Vaults:3 :   Vaults:4 !   Vaults:5 [*   Depths:4 *

Portals:
Hell: Depths:1 Depths:2 Depths:3 Depths:4
Abyss: Depths:3
Pandemonium: Depths:2
Ziggurat: Depths:3

Annotations:
D:10 2 transporters, Pascal76's ghost, novice MiFi
Snake:2 Mlioglotl
Orc:2 exclusion: upstairs
Elf:2 5 runed translucent doors
Vaults:1 1 transporter
Vaults:2 2 transporters, Lukheov's ghost, veteran DrWn; garrulousMonolith's ghost, veteran GnFi
Vaults:4 3 runed translucent doors, Feagond's ghost, adept HOMo
Crypt:2 3 runed translucent doors, Colgate's ghost, adept DgAE
Depths:3 3 runed translucent doors, Hulu's ghost, veteran GrEE; Pewaar's ghost, journeyman DsNe; Xaosyiw's ghost, adept DECj
Depths:4 5 transporters


Innate Abilities, Weirdness & Mutations

You are a living statue of rough stone.
Your actions are slow, but your melee attacks are powerful.
You are resistant to unholy torment.
Your maximum health is greatly increased.
You cannot wear most types of armour.
You are amphibious.
You can wear up to eight rings at the same time.
You are immune to poison.
Your skin changes colour to match your surroundings (Stealth+).
((Your rubbery body absorbs attacks. (AC +1, EV +1)))
((You are camouflaged when in or above water. (Stealth+)))
You have tentacles for arms and can constrict up to eight enemies at once.
One of your tentacles bears a spike.
You are agile. (Dex +4, Str/Int -1)
Your mind is acute. (Int +4, Str/Dex -1)
Your muscles are strong. (Str +4, Int/Dex -1)
You are vulnerable to heat. (rF-)
You passively dampen the noise of your surroundings.


Message History

Unknown command.
Unknown command.
Casting: Plasma Beam (mildly dangerous; 1% risk of failure)
Confirm with . or Enter, or press ? or * to list all spells.
You feel a surge of power!
You begin accumulating electric charge. (Press . to continue charging.)
You feel charge building up...
Unknown command.
You feel charge building up... The Hell Sentinel gestures at you.
The sphere of damnation explodes!
The damnation engulfs you!!!
The electricity discharges through the Hell Sentinel!!!!
The Hell Sentinel vaporises and condenses as gold!
You kill the Hell Sentinel!
You now have 7620 gold pieces (gained 21).
What level of the Dungeon? (default 1, ? - help)
There is a stone staircase leading up here.
HP restored.
You climb upwards.
There is a stone staircase leading down here.
There is a stone staircase leading up here.
You climb upwards.
There is a stone staircase leading down here.
There is an escape hatch in the floor here.
An efreet comes into view.
It is wielding a +4 scimitar of flaming.
Casting: Maxwell's Capacitive Coupling (dangerous; 10% risk of failure)
Confirm with . or Enter, or press ? or * to list all spells.
You feel a surge of power!
You begin accumulating electric charge. (Press . to continue charging.)
You feel charge building up...
Unknown command.
You feel charge building up... You block the efreet's attack.
The electricity discharges through the efreet!!!
The efreet vaporises and condenses as gold!
You kill the efreet!
You now have 7630 gold pieces (gained 10).
You see here a +4 scimitar of flaming.
There is an open door here.
There is a staircase leading out of the dungeon here.
You have escaped!

#.#...##..#.##.##...#
#.#..##..............
#.#..#....#...###...#
#.#..#.8..#.#.# ##.##
#.#..#........# #...
#.#..##...#.#########
#.#...##..#..........
#.#)...#..#..#######.
#.'.8..'..#..# #.
###....#..#..# #.
#...##..#..# ###.
#..##...#..# #...
#..#.......# #.#.
#..#.8..##.# #.#.
#..#....##.# #.#.
#..##...##.# #.#.
#...##..##.#####.#.


There were no monsters in sight!

Vanquished Creatures
  3 ancient liches
  4 dread liches
  7 orbs of fire
  Mara (Swamp:3)
  A juggernaut (Depths:2)
  Boris (twice) (Vaults:2 Depths:4)
  7 Killer Klowns
  Parghit (Depths:3)
  Margery (Depths:3)
  Saint Roka (Vaults:3)
  Frederick (Vaults:3)
  4 curse toes (Zot:3)
  Vashnia (Snake:4)
  7 golden dragons
  Geryon (Hell)
  Norris (Elf:2)
  Jory (Vaults:2)
  A bone dragon (Depths:4)
  A pandemonium lord (Zot:5)
  2 doom hounds (Zot:2)
  4 electric golems
  3 hellephants (Zot:1)
  An Ice Fiend (Depths:4)
  22 tentacled monstrosities
  A shard shrike skeleton (Crypt:3)
  A Hell Sentinel (D:3)
  13 Orb Guardians
  A shard shrike zombie (Crypt:3)
  7 liches
  2 deep elf blademasters (Elf:3)
  Grunn (Zot:2)
  5 quicksilver dragons
  Asterion (Snake:4)
  A titan (Vaults:5)
  2 death cobs (Zot:2)
  2 deep elf master archers (Elf:3)
  2 ancient champions (Crypt:2)
  Murray (Depths:4)
  6 sphinxes
  A thorn hunter (Swamp:4)
  11 shadow dragons
  6 tengu reavers
  Kirke (Snake:4)
  13 storm dragons
  A storm dragon (shapeshifter) (Zot:1)
  2 nagarajas (Snake:4)
  Roxanne (Snake:1)
  8 draconian monks
  3 revenants
  4 draconian knights
  7 fire giants
  An azure jelly (shapeshifter) (Zot:1)
  2 deep elf sorcerers (Elf:3)
  4 iron dragons
  An emperor scorpion (shapeshifter) (Zot:1)
  4 caustic shrike zombies
  23 vault wardens
  A frost giant (shapeshifter) (Zot:1)
  12 frost giants
  5 draconian scorchers
  A deep elf elementalist (Elf:3)
  4 curse skulls
  2 draconian shifters
  A juggernaut zombie (Crypt:3)
  2 balrugs
  5 draconian annihilators
  3 ghost moths
  7 draconian stormcallers
  An orc warlord (Vaults:1)
  15 very ugly things
  5 war gargoyles
  A cacodemon (Depths:4)
  4 ghouls
  2 spriggan defenders
  18 ironbound preservers
  4 ironbound thunderhulks
  22 stone giants
  10 reapers
  Nessos (D:12)
  11 deep elf annihilators
  7 deep elf demonologists
  6 green draconians
  3 caustic shrike skeletons
  3 vampire knights
  Azrael (D:15)
  8 dire elephants
  3 eleionomae
  11 black draconians
  13 white draconians
  A lorocyproca (Hell)
  9 purple draconians
  10 red draconians
  12 yellow draconians
  8 bunyips
  5 spark wasps
  18 ettins
  2 merfolk javelineers (Depths:4)
  8 eidola
  3 jiangshi (Crypt:1)
  5 blizzard demons
  3 crystal guardians
  Josephine (D:14)
  A quicksilver dragon zombie (Crypt:3)
  12 fire dragons
  10 deep elf death magi
  A green death (Hell)
  A mummy priest (Crypt:3)
  4 merfolk impalers
  4 entropy weavers
  15 yaktaur captains
  7 deep elf high priests
  A shambling mangrove (Lair:3)
  3 great orbs of eyes
  A fire dragon (shapeshifter) (Depths:2)
  31 vault guards
  2 caustic shrike simulacra (IceCv)
  3 salamander tyrants (Snake:4)
  6 ogre magi
  24 hydras
  A fenstrider witch zombie (Crypt:2)
  7 ice dragons
  3 peacekeepers
  Erolcha (Orc:1)
  7 rakshasas
  An anaconda (shapeshifter) (Vaults:5)
  3 ghost crabs
  7 alligators
  3 death knights
  8 boulder beetles
  7 anacondas
  15 centaur warriors
  6 spriggan air magi
  Erica (D:8)
  8 ironbound frosthearts
  2 catoblepae
  21 dancing weapons
  23 two-headed ogres
  6 deep troll earth magi
  A fenstrider witch skeleton (Crypt:3)
  8 naga warriors
  A merfolk avatar (Lair:5)
  6 tengu warriors
  5 deep troll shamans
  4 occultists
  Urug (Lair:5)
  8 hell hogs
  15 naga sharpshooters
  2 orc high priests
  8 death yaks
  8 shock serpents
  4 vampire magi
  12 sun demons
  3 thrashing horrors (Abyss:3)
  8 soul eaters
  7 spriggan berserkers
  13 deep elf knights
  22 hell knights
  7 salamander mystics
  A sixfirhy (Depths:4)
  12 skeletal warriors
  2 skysharks (Elf:2)
  A shadow wraith (Crypt:2)
  4 spriggan druids
  A golden dragon zombie (Depths:1)
  An iron troll (Depths:4)
  A bunyip zombie (Crypt:3)
  2 death drakes
  5 goliath frogs
  A storm dragon skeleton (Crypt:3)
  An orb spider (shapeshifter) (Zot:1)
  5 glowing orange brains
  40 deep trolls
  A deep troll (shapeshifter) (Depths:3)
  14 phantasmal warriors
  An obsidian statue (IceCv)
  7 spriggan simulacra
  An anaconda zombie (Hell)
  3 bog bodies
  8 swamp dragons
  3 flayed ghosts
  8 lindwurms
  17 deep elf archers
  3 alligator zombies (Hell)
  3 naga ritualists
  25 necromancers
  6 arcanists
  23 ironbound convokers
  A wolf spider zombie (D:15)
  An iron dragon zombie (Crypt:3)
  2 harpies
  26 deep elf zephyrmancers
  A harpy (shapeshifter) (D:15)
  An anaconda skeleton (Crypt:3)
  3 wolf spiders
  A wolf spider (shapeshifter) (Vaults:5)
  4 orc knights
  5 mana vipers
  7 cyclopes
  27 deep elf pyromancers
  25 ugly things
  16 salamanders
  A cyclops (shapeshifter) (Vaults:4)
  A dire elephant zombie (Crypt:3)
  A worldbinder (Abyss:3)
  A stone giant zombie (Crypt:3)
  7 will-o-the-wisps
  A stone giant skeleton (Crypt:3)
  13 elephants
  21 moths of wrath
  A fire giant skeleton (Depths:1)
  5 guardian serpents
  2 alligator skeletons
  A frost giant skeleton (Depths:1)
  A moth of wrath (shapeshifter) (Elf:3)
  A shock serpent zombie (Crypt:2)
  62 black mambas
  2 centaur zombies
  An ice statue (Hell)
  9 rust devils
  2 naga zombies
  14 vault sentinels
  4 molten gargoyles
  An alligator snapping turtle zombie (Hell)
  11 apocalypse crabs
  3 torpor snails
  19 naga magi
  3 gargoyles
  An unseen horror (D:13)
  A dire elephant skeleton (Crypt:3)
  12 cane toads
  A hellion (Hell)
  2 smoke demons (Hell)
  2 shock serpent skeletons
  3 rime drakes
  An efreet (D:1)
  A centaur skeleton (D:15)
  A bunyip simulacrum (Hell)
  13 komodo dragons
  2 anaconda simulacra (IceCv)
  3 guardian mummies
  2 tengu conjurers
  36 yaktaurs
  An unseen horror skeleton (Crypt:2)
  7 spriggan skeletons
  2 tormentors
  A golden dragon simulacrum (IceCv)
  3 red devils
  18 freezing wraiths
  3 harpy zombies (Crypt:3)
  13 hellwings (Crypt:3)
  9 ice devils (IceCv)
  A bloated husk (Swamp:4)
  3 polar bears
  2 wind drakes (Lair:5)
  8 trolls
  8 tyrant leeches
  2 alligator simulacra
  A tarantella (Vaults:4)
  11 blink frogs
  A tyrant leech (shapeshifter) (Zot:1)
  12 hornets
  2 dream sheep (Lair:5)
  7 spriggan zombies
  A snapping turtle (Lair:5)
  2 harpy skeletons
  A snapping turtle (shapeshifter) (Depths:4)
  An ice dragon zombie (Crypt:3)
  An air elemental (Elf:1)
  An ettin skeleton (Crypt:3)
  A jumping spider (shapeshifter) (D:14)
  4 jumping spiders
  36 slime creatures
  8 spriggans
  A naga simulacrum (Crypt:2)
  13 water elementals
  2 ushabtiu (Crypt:3)
  4 shadows
  A vampire (D:12)
  12 wraiths
  4 wyverns
  3 basilisks
  4 dire elephant simulacra
  9 fire elementals
  A black mamba skeleton (Crypt:1)
  44 yaks
  6 hogs (Snake:4)
  12 redbacks
  12 minotaur simulacra (IceCv)
  A neqoxec (Abyss:3)
  10 vampire mosquitoes
  Menkaure (D:5)
  17 swamp worms
  A harpy simulacrum (IceCv)
  2 wargs
  A glowing shapeshifter zombie (Depths:1)
  30 nagas
  5 hell hounds (Hell)
  3 acid dragons
  15 water moccasins
  A demonspawn skeleton (Crypt:2)
  A glowing shapeshifter skeleton (Crypt:1)
  2 ettin simulacra
  11 swamp drakes
  A hornet zombie (D:15)
  25 ogres
  19 orc warriors
  2 sky beasts
  10 wolves
  5 black bears
  5 boggarts (Vaults:2)
  A phantom (D:5)
  3 centaurs
  A yaktaur zombie (Crypt:1)
  11 bullfrogs
  3 kobold brigands
  2 gnoll sergeants
  3 deep troll simulacra (IceCv)
  4 earth elementals
  2 scorpions (D:5)
  4 necrophages
  10 wights
  6 wyvern skeletons (Crypt:3)
  9 killer bees
  A yak zombie (Crypt:1)
  A lindwurm simulacrum (IceCv)
  A yak skeleton (Crypt:1)
  A troll skeleton (Crypt:2)
  5 howler monkeys
  8 electric eels
  A lava snake (Snake:3)
  A bullfrog zombie (Crypt:2)
  2 hounds
  10 orc priests
  3 human zombies (Crypt:1)
  A jelly (D:6)
  A sleepcap (D:6)
  3 gnoll boudas
  Jessica (D:3)
  16 orc wizards
  2 human skeletons (Crypt:1)
  An ice beast zombie (Crypt:2)
  A deep dwarf skeleton (Crypt:1)
  3 mummies (Crypt:1)
  A howler monkey zombie (Crypt:1)
  17 gnolls
  A river rat (D:3)
  10 adders
  2 shadow imps
  A white imp (D:5)
  5 ufetubi
  3 worms
  A dart slug (D:3)
  60 orcs
  22 ball pythons
  12 endoplasms
  10 giant cockroaches
  6 goblins
  8 hobgoblins
  7 jackals
  10 kobolds
  5 quokkas
  A ball python skeleton (Crypt:1)
  3 bats
  13 frilled lizards
  A goblin zombie (Crypt:2)
  10 rats
  A spectral orc (D:7)
2281 creatures vanquished.

Vanquished Creatures (collateral kills)
  An ancient lich (Zot:5)
  A pandemonium lord (Zot:1)
  A golden dragon (Zot:5)
  An electric golem (Zot:5)
  A tentacled monstrosity (Zot:5)
  15 Orb Guardians
  A lich (Zot:1)
  An Executioner (Zot:1)
  2 shadow dragons (Zot:5)
  A death cob (Zot:5)
  A storm dragon (Zot:5)
  2 draconian scorchers (Zot:5)
  A draconian shifter (Zot:5)
  2 purple draconians (Zot:5)
  A white draconian (Zot:5)
  A red draconian (Zot:5)
  A green draconian (Zot:5)
  2 blizzard demons
  A demonic crawler (Zot:1)
  A soul eater (Zot:5)
  A shadow demon (Zot:3)
  2 smoke demons (Hell)
  3 molten gargoyles (Hell)
  A gargoyle (D:10)
  An ice devil (Zot:1)
  A hellwing (Zot:4)
  A ynoxinul (Zot:1)
  A chaos spawn (Zot:4)
49 creatures vanquished.

Vanquished Creatures (others)
  A Killer Klown (Zot:5)
  A fire giant (Depths:2)
  An ice dragon (Hell)
  2 deep elf zephyrmancers (Elf:1)
  A deep elf pyromancer (Elf:1)
  3 bloated husks (Swamp:2)
  13 foxfires
22 creatures vanquished.

Grand Total: 2352 creatures vanquished

Notes
Turn   | Place    | Note
-------+----------+-------------------------------------------
     0 | D:5      | Jannitor the Octopode Delver began the quest for the Orb.
     0 | D:5      | Reached XP level 1. HP: 16/16 MP: 1/1
    79 | D:3      | Reached XP level 2. HP: 18/21 MP: 2/2
   139 | D:3      | Found a glowing drain.
   160 | D:3      | Reached XP level 3. HP: 17/26 MP: 2/4
   166 | D:3      | Learned a level 2 spell: Poisonous Vapours
   184 | Sewer    | Entered a sewer
   218 | Sewer    | Reached skill level 1 in Spellcasting
   290 | Sewer    | Reached XP level 4. HP: 31/31 MP: 5/5
   436 | Sewer    | Noticed a bullfrog
   436 | Sewer    | Noticed a bullfrog
   568 | Sewer    | Killed a bullfrog
   569 | Sewer    | Reached skill level 1 in Poison Magic
   569 | Sewer    | Reached XP level 5. HP: 19/36 MP: 2/7
   575 | Sewer    | Reached XP level 6. HP: 19/43 MP: 3/8
   753 | D:3      | Found a shimmering altar of Xom.
   753 | D:3      | Found a broken altar of Ashenzari.
   799 | D:3      | Noticed Jessica
   808 | D:3      | Killed Jessica
  1476 | D:1      | Found Fockof's Jewellery Boutique.
  3026 | D:4      | Noticed a black bear
  3030 | D:4      | Killed a black bear
  3031 | D:4      | Reached XP level 7. HP: 48/48 MP: 10/10
  3374 | D:4      | Identified a scroll of acquirement
  3374 | D:4      | Acquired 592 gold pieces
  3458 | D:1      | Bought a +5 ring of evasion for 504 gold pieces
  4268 | D:5      | Found a shimmering blue altar of Sif Muna.
  4425 | D:5      | Noticed a troll
  4447 | D:5      | Noticed Menkaure
  4458 | D:5      | Reached XP level 8. HP: 17/54 MP: 6/12
  4707 | D:5      | Killed Menkaure
  4889 | D:5      | Killed a troll
  4890 | D:5      | Reached skill level 5 in Fighting
  5304 | D:5      | Found Xoxzugepn's Weapon Boutique.
  5706 | D:5      | Reached skill level 5 in Dodging
  5706 | D:5      | Reached XP level 9. HP: 41/61 MP: 14/14
  5924 | D:6      | Found a bloodstained altar of Trog.
  5959 | D:6      | Found a white marble altar of Elyvilon.
  5969 | D:6      | Reached skill level 5 in Polearms
  5969 | D:6      | Reached skill level 5 in Poison Magic
  6098 | D:6      | Found a staircase to the Ecumenical Temple.
  6157 | Temple   | Entered the Ecumenical Temple
  6176 | Temple   | Became a worshipper of Gozag Ym Sagoz the Greedy
  6702 | D:6      | Reached skill level 1 in Staves
  6759 | D:6      | Reached skill level 1 in Evocations
  7184 | D:7      | Identified the amulet "Cuilaz" {Spirit -Tele Int+6}
  7643 | D:7      | Found a blossoming altar of Fedhas.
  7662 | D:7      | Reached skill level 10 in Stealth
  7895 | D:7      | Found a basalt altar of Yredelemnul.
  8340 | D:8      | Noticed Erica
  8405 | D:8      | Found a staircase to the Lair.
  8465 | D:8      | Found a burning altar of Makhleb.
  8867 | D:8      | Reached XP level 10. HP: 47/69 MP: 17/17
  9068 | D:8      | Killed Erica
  9194 | D:9      | Reached skill level 5 in Spellcasting
  9289 | D:9      | Noticed a two-headed ogre
  9343 | D:9      | Killed a two-headed ogre
  9531 | D:9      | Noticed a two-headed ogre
  9552 | D:9      | Found Pounior's Assorted Antiques.
  9580 | D:9      | Killed a two-headed ogre
  9609 | D:9      | Bought a shiny iron ring for 115 gold pieces
  9827 | D:9      | Upgraded the game from 0.31-a0-1036-g31867e143a to
                  | 0.31-a0-1057-g70f3316b05
 10528 | D:9      | Found a glowing silver altar of Zin.
 10626 | D:10     | Entered Level 10 of the Dungeon
 10697 | D:10     | Noticed a gargoyle
 10902 | D:10     | Learned a level 3 spell: Mephitic Cloud
 11079 | D:10     | Reached XP level 11. HP: 75/75 MP: 13/19
 11594 | D:10     | Reached skill level 5 in Evocations
 11984 | D:11     | Found Pimnas's Weapon Boutique.
 11984 | D:11     | Found Viloqoon's Armour Boutique.
 11984 | D:11     | Found Xagapp's Assorted Antiques.
 12067 | D:10     | Reached skill level 5 in Staves
 12111 | D:10     | Found a transporter.
 12114 | D:10     | Noticed Pascal76's ghost (novice MiFi)
 12141 | D:10     | Found a transporter.
 12387 | D:11     | Noticed a cyclops
 12407 | D:11     | Killed a cyclops
 12552 | Lair:1   | Entered Level 1 of the Lair of Beasts
 12558 | Lair:1   | Learned a level 4 spell: Airstrike
 12754 | Lair:1   | Reached skill level 1 in Air Magic
 13673 | Lair:1   | Reached XP level 12. HP: 75/84 MP: 13/22
 14433 | Lair:2   | Noticed a catoblepas
 14508 | Lair:2   | Killed a catoblepas
 15465 | Lair:2   | Found a staircase to the Snake Pit.
 16234 | Lair:2   | Reached XP level 13. HP: 44/90 MP: 24/24
 16751 | Lair:3   | Found a staircase to the Swamp.
 16781 | Lair:3   | Reached skill level 5 in Air Magic
 18958 | D:11     | Reached skill level 10 in Fighting
 19332 | D:9      | Bought the +3 Elemental Staff {ele, rElec rF+ rC+ AC+3} for
                  | 970 gold pieces
 19332 | D:9      | Found the +3 Elemental Staff {ele, rElec rF+ rC+ AC+3}
 19377 | D:10     | Learned a level 5 spell: Fireball
 19484 | D:12     | Noticed Nessos
 19498 | D:12     | Killed Nessos
 19692 | D:12     | Reached skill level 1 in Conjurations
 19692 | D:12     | Reached skill level 1 in Fire Magic
 20119 | D:12     | Found a staircase to the Orcish Mines.
 20633 | Orc:1    | Entered Level 1 of the Orcish Mines
 21111 | Orc:1    | Noticed Erolcha
 21117 | Orc:1    | Killed Erolcha
 21131 | Orc:1    | Noticed an ettin
 21156 | Orc:1    | Killed an ettin
 21307 | Orc:2    | Entered Level 2 of the Orcish Mines
 21313 | Orc:2    | Found Rocyzej's Weapon Shop.
 21332 | Orc:2    | Noticed an ettin
 21366 | Orc:2    | Found a staircase to the Elven Halls.
 21380 | Orc:2    | Killed an ettin
 21381 | Orc:2    | Reached XP level 14. HP: 99/99 MP: 10/26
 21410 | Orc:1    | Found Rutesk's Distillery.
 21638 | Orc:2    | Reached skill level 10 in Dodging
 22785 | Orc:2    | Found Redaishro's Armour Shop.
 22785 | Orc:2    | Found Oveak's Book Emporium.
 22785 | Orc:2    | Found Nifauroa's Distillery.
 22785 | Orc:2    | Found Umusouletu's Book Boutique.
 22799 | Orc:2    | Bought a potion of magic for 128 gold pieces
 22799 | Orc:2    | Bought a potion of curing for 48 gold pieces
 22799 | Orc:2    | Bought a potion of curing for 48 gold pieces
 22799 | Orc:2    | Bought a potion of berserk rage for 80 gold pieces
 22800 | Orc:2    | Bought Great Wizards, Vol. II for 456 gold pieces
 23975 | Lair:4   | Reached skill level 1 in Shields
 24189 | Lair:5   | Entered Level 5 of the Lair of Beasts
 24225 | Lair:5   | Found a staircase to the Slime Pits.
 24706 | Lair:5   | Identified the amulet "Recakuth" {Reflect *Slow Int+4 Dex+6
                  | SH+5}
 24708 | Lair:5   | Noticed Urug
 24727 | Lair:5   | Killed Urug
 25034 | Lair:5   | Noticed a dire elephant
 25553 | Lair:5   | Reached XP level 15. HP: 61/106 MP: 18/28
 26471 | Lair:5   | Reached skill level 10 in Evocations
 27862 | D:8      | Bought a +4 ring of protection for 576 gold pieces
 28023 | D:11     | Bought a potion of curing for 87 gold pieces
 28023 | D:11     | Bought a glass wand for 116 gold pieces
 28023 | D:11     | Bought a grey potion for 26 gold pieces
 28023 | D:11     | Bought a potion of haste for 290 gold pieces
 28255 | D:13     | Reached skill level 5 in Conjurations
 28424 | D:13     | Reached skill level 5 in Fire Magic
 29543 | D:14     | Found a frozen archway.
 29849 | IceCv    | Entered an ice cave
 30281 | IceCv    | Reached skill level 5 in Shields
 30525 | IceCv    | Learned a level 5 spell: Alistair's Intoxication
 30532 | IceCv    | Learned a level 6 spell: Eringya's Noxious Bog
 30846 | IceCv    | Reached skill level 10 in Spellcasting
 31061 | IceCv    | Reached skill level 1 in Transmutations
 31513 | IceCv    | Reached XP level 16. HP: 104/113 MP: 0/30
 32138 | IceCv    | Reached skill level 10 in Staves
 32726 | D:14     | Found Guxex's Assorted Antiques.
 32731 | D:14     | Bought a scroll of blinking for 270 gold pieces
 32749 | D:14     | Found a shimmering altar of Xom.
 32749 | D:14     | Found a shimmering altar of Xom.
 32749 | D:14     | Found a shimmering altar of Xom.
 32750 | D:14     | Found a shimmering altar of Xom.
 32751 | D:14     | Found a shimmering altar of Xom.
 32751 | D:14     | Found a shimmering altar of Xom.
 32751 | D:14     | Found a shimmering altar of Xom.
 32861 | D:14     | Found a gate to the Vaults.
 33067 | D:15     | Entered Level 15 of the Dungeon
 33067 | D:15     | Noticed Josephine
 33077 | D:14     | Killed Josephine
 33269 | D:14     | Upgraded the game from 0.31-a0-1057-g70f3316b05 to
                  | 0.31-a0-1059-g83d41fd8b6
 34511 | D:15     | Noticed Azrael
 34521 | D:15     | Killed Azrael
 34904 | D:15     | Found a staircase to the Depths.
 35412 | Snake:1  | Entered Level 1 of the Snake Pit
 36426 | Snake:1  | Found Xucveiw's Jewellery Shoppe.
 36428 | Snake:1  | Found Taosiad's Book Shop.
 36429 | Snake:1  | Found Anigaew's Jewellery Shoppe.
 37042 | Snake:1  | Noticed Roxanne
 37044 | Snake:1  | Upgraded the game from 0.31-a0-1059-g83d41fd8b6 to
                  | 0.31-a0-1066-g35875b34c7
 37449 | Snake:1  | Found Tuor Suu's Jewellery Shoppe.
 37821 | Snake:1  | Bought the amulet of Vitality {RegenMP++ Regen++} for 1100
                  | gold pieces
 37821 | Snake:1  | Found the amulet of Vitality {RegenMP++ Regen++}
 38098 | Snake:2  | Reached XP level 17. HP: 119/119 MP: 31/31
 38128 | Snake:2  | Noticed Mlioglotl
 39702 | Snake:3  | Found a transporter.
 39711 | Snake:3  | Found Ceelyate's Antique Armour Boutique.
 39713 | Snake:3  | Found a transporter.
 40086 | Snake:4  | Entered Level 4 of the Snake Pit
 40100 | Snake:4  | Found Hugakh's Weapon Shop.
 40100 | Snake:4  | Found Pidghema's Weapon Boutique.
 40125 | Snake:4  | Noticed Kirke
 40307 | Snake:4  | Killed Kirke
 40374 | Snake:4  | Found a huge runed translucent gate.
 40374 | Snake:4  | Found a huge runed translucent gate.
 40374 | Snake:4  | Found a huge runed translucent gate.
 40374 | Snake:4  | Found a huge runed translucent gate.
 40374 | Snake:4  | Found a huge runed translucent gate.
 40734 | Snake:4  | Reached skill level 10 in Poison Magic
 41181 | Snake:4  | Found Haos's Magic Scroll Emporium.
 41213 | Snake:4  | Bought a scroll of teleportation for 48 gold pieces
 41460 | Snake:4  | Reached skill level 5 in Transmutations
 41560 | Snake:4  | Noticed Vashnia
 41629 | Snake:4  | Killed Vashnia
 42159 | Snake:4  | Noticed Asterion
 42175 | Snake:4  | Noticed an Executioner
 42345 | Snake:4  | Found Hugakh's Weapon Shop.
 42345 | Snake:4  | Found Pidghema's Weapon Boutique.
 42357 | Snake:4  | Killed Asterion
 42611 | Snake:4  | Found Haos's Magic Scroll Emporium.
 42779 | Snake:4  | Reached XP level 18. HP: 115/127 MP: 19/33
 43033 | Snake:4  | Noticed a quicksilver dragon
 43546 | Snake:4  | Killed a quicksilver dragon
 43884 | Snake:4  | Got a serpentine rune of Zot
 44071 | Swamp:1  | Entered Level 1 of the Swamp
 44832 | Snake:1  | Bought the ring of Jexaareo {rElec rCorr Int+3 SInv} for
                  | 613 gold pieces
 44904 | Snake:1  | Killed Roxanne
 45299 | Swamp:2  | Found the +5 scythe "Finisher" {speed, execute}
 45987 | Swamp:3  | Noticed Mara
 46318 | Elf:1    | Entered Level 1 of the Elven Halls
 47200 | Elf:1    | Got Xycoen's Omnibus of Assistive Guile
 47305 | Elf:1    | Identified the +0 leather armour of Sykkeal {rElec rF+++
                  | Str-5 Dex-3}
 47447 | Elf:1    | Reached XP level 19. HP: 134/134 MP: 24/34
 47827 | Elf:2    | Noticed Norris
 47847 | Elf:2    | Killed Norris
 47938 | Elf:2    | Found a huge runed translucent gate.
 47938 | Elf:2    | Found a huge runed translucent gate.
 47938 | Elf:2    | Found a huge runed translucent gate.
 47938 | Elf:2    | Found a huge runed translucent gate.
 47938 | Elf:2    | Found a huge runed translucent gate.
 47999 | Elf:2    | Found Cuan's General Store.
 48040 | Elf:2    | Reached skill level 10 in Air Magic
 48240 | Orc:2    | Bought a Trismegistus Codex for 364 gold pieces
 48244 | Orc:2    | Learned a level 3 spell: Ignite Poison
 48246 | Orc:2    | Bought the Unrestrained Analects for 644 gold pieces
 48251 | Orc:2    | Learned a level 4 spell: Olgreb's Toxic Radiance
 48586 | Elf:3    | Entered Level 3 of the Elven Halls
 48770 | Elf:3    | Identified the amulet "Jiufro" {Reflect Regen+ SH+5}
 48935 | Abyss:3  | Cast into level 3 of the Abyss (a deep elf demonologist)
 49045 | Elf:3    | Escaped the Abyss
 49094 | Elf:3    | Identified the ring of Mebru {rF++ rC+ rN+ Dex+3}
 49186 | Elf:3    | Identified the +12 quarterstaff of Bimuidgh {flame, *Noise
                  | rF+++ Will+++ Str-5}
 49746 | Elf:3    | Found Toiwoihi's One-of-a-Kind Books.
 50110 | Elf:3    | Identified the +5 scale mail of Fedhas's Pride {Drain Fly
                  | rPois rF+ Str+3}
 50122 | Elf:3    | Identified the +5 sling "Bopoom" {freeze, rPois Will+}
 50423 | Vaults:1 | Entered Level 1 of the Vaults
 50568 | Vaults:1 | You fall into a shaft and drop 1 floor!
 50591 | Vaults:2 | Reached XP level 20. HP: 142/142 MP: 29/36
 50597 | Vaults:2 | Noticed a dread lich
 50621 | Vaults:2 | Killed a dread lich
 50654 | Vaults:2 | Noticed Boris
 50700 | Vaults:2 | Killed Boris
 50784 | Vaults:1 | Found Ihuy's Armour Shoppe.
 51418 | Vaults:1 | Found a transporter.
 51575 | Vaults:1 | Identified the +0 scale mail of Atauger {Int+2}
 52697 | Vaults:2 | Noticed Jory
 52724 | Vaults:2 | Killed Jory
 52726 | Vaults:2 | Gained mutation: You do not regenerate when monsters are
                  | visible. [mutagenic glow]
 52845 | Vaults:2 | Learned a level 5 spell: Arcjolt
 52856 | Vaults:2 | Lost mutation: You do not regenerate when monsters are
                  | visible. [potion of mutation]
 52856 | Vaults:2 | Gained mutation: Your muscles are strong. (Str +4, Int/Dex
                  | -1) [potion of mutation]
 52856 | Vaults:2 | Gained mutation: Your system is resistant to poisons.
                  | (rPois) [potion of mutation]
 53192 | Vaults:2 | Found a transporter.
 53196 | Vaults:2 | Noticed garrulousMonolith's ghost (veteran GnFi)
 53205 | Vaults:2 | Noticed Lukheov's ghost (veteran DrWn)
 53221 | Vaults:2 | Found a transporter.
 53467 | Vaults:3 | Reached skill level 10 in Shields
 53595 | Vaults:3 | Noticed Saint Roka
 53637 | Vaults:3 | Killed Saint Roka
 53861 | Vaults:3 | Found Myman's Book Shop.
 53994 | Vaults:3 | Reached XP level 21. HP: 110/149 MP: 28/37
 54134 | Vaults:3 | Found a staircase to the Crypt.
 54221 | Vaults:3 | Noticed Frederick
 54231 | Vaults:3 | Killed Frederick
 54653 | Vaults:3 | Identified the staff of Armageddon {rElec rPois rN+ Air}
 55395 | Vaults:4 | Gained mutation: You are dopey. (Int -2) [mutagenic glow]
 55398 | Vaults:4 | Lost mutation: Your system is resistant to poisons. (rPois)
                  | [potion of mutation]
 55398 | Vaults:4 | Lost mutation: You are dopey. (Int -2) [potion of mutation]
 55398 | Vaults:4 | Lost mutation: Your muscles are strong. (Str +4, Int/Dex
                  | -1) [potion of mutation]
 55398 | Vaults:4 | Gained mutation: You have a pair of small antennae on your
                  | head. [potion of mutation]
 55398 | Vaults:4 | Gained mutation: You passively dampen the noise of your
                  | surroundings. [potion of mutation]
 55398 | Vaults:4 | Gained mutation: You sometimes lose your temper in combat.
                  | [potion of mutation]
 55505 | Vaults:4 | Bought a potion of heal wounds for 70 gold pieces
 55586 | Vaults:4 | Reached skill level 10 in Fire Magic
 55994 | Vaults:4 | Found a runed translucent gate.
 55995 | Vaults:4 | Found a runed translucent gate.
 55995 | Vaults:4 | Found a runed translucent gate.
 55996 | Vaults:4 | Noticed Feagond's ghost (adept HOMo)
 57500 | Swamp:3  | Noticed Jannitor's illusion
 57500 | Swamp:3  | Killed Mara
 57762 | Swamp:4  | Entered Level 4 of the Swamp
 57839 | Swamp:4  | Reached XP level 22. HP: 61/156 MP: 6/39
 57949 | Swamp:4  | Reached skill level 15 in Poison Magic
 58306 | Swamp:4  | Got a decaying rune of Zot
 58728 | Swamp:4  | Identified the +12 short sword "Vulof" {venom, rF+ MP+9
                  | Int+2 Dex-4}
 59194 | Depths:1 | Entered Level 1 of the Depths
 59360 | Depths:1 | Reached skill level 15 in Fighting
 59806 | Depths:1 | Reached skill level 10 in Transmutations
 59916 | Depths:1 | Found a gateway to a bazaar.
 59973 | Bazaar   | Entered a bazaar
 59974 | Bazaar   | Found Qaddotih's Book Shop.
 59974 | Bazaar   | Found Soxzonk's Distillery.
 59975 | Bazaar   | Found Yddeiph's Assorted Antiques.
 59981 | Bazaar   | Bought a potion of mutation for 96 gold pieces
 59982 | Bazaar   | Lost mutation: You sometimes lose your temper in combat.
                  | [potion of mutation]
 59982 | Bazaar   | Lost mutation: You have a pair of small antennae on your
                  | head. [potion of mutation]
 59982 | Bazaar   | Gained mutation: You are agile. (Dex +4, Str/Int -1)
                  | [potion of mutation]
 59982 | Bazaar   | Gained mutation: You are partially covered in iridescent
                  | scales. (AC +2) [potion of mutation]
 59982 | Bazaar   | Gained mutation: Your mind is acute. (Int +4, Str/Dex -1)
                  | [potion of mutation]
 59995 | Bazaar   | Bought a potion of mutation for 176 gold pieces
 60009 | Bazaar   | Found Zyem's Antique Armour Emporium.
 60028 | Bazaar   | Bought a potion of haste for 120 gold pieces
 60028 | Bazaar   | Bought a potion of haste for 120 gold pieces
 60028 | Bazaar   | Bought 2 potions of curing for 72 gold pieces
 60040 | Bazaar   | Bought a potion of brilliance for 48 gold pieces
 60363 | Depths:1 | Found a gateway to Hell.
 60374 | Depths:1 | Reached skill level 1 in Shapeshifting
 60461 | Depths:2 | Found a hide-covered altar of Uskayaw.
 60542 | Depths:1 | Identified the +3 quarterstaff of the Messenger {freeze,
                  | Dex+2}
 60815 | Depths:2 | Reached skill level 15 in Evocations
 61116 | Depths:2 | Noticed a juggernaut
 61128 | Depths:2 | Killed a juggernaut
 61280 | Depths:2 | Found a one-way gate leading to the halls of Pandemonium.
 61623 | Depths:2 | Reached XP level 23. HP: 162/162 MP: 28/40
 61842 | Depths:3 | Noticed Margery
 61951 | Depths:3 | Found a one-way gate to the infinite horrors of the Abyss.
 61964 | Depths:3 | Found a runed translucent gate.
 61964 | Depths:3 | Found a runed translucent gate.
 61975 | Depths:3 | Found an ancient bone altar of Kikubaaqudgha.
 61975 | Depths:3 | Found a snail-covered altar of Cheibriados.
 61990 | Depths:3 | Killed Margery
 61993 | Depths:3 | Found a runed translucent gate.
 62080 | Depths:3 | Found a one-way gateway to a ziggurat.
 62159 | Depths:3 | Noticed Hulu's ghost (veteran GrEE)
 62159 | Depths:3 | Noticed Xaosyiw's ghost (adept DECj)
 62159 | Depths:3 | Noticed Pewaar's ghost (journeyman DsNe)
 62161 | Depths:3 | Noticed a dread lich
 62168 | Depths:3 | Noticed a dread lich
 62297 | Depths:3 | Reached skill level 15 in Dodging
 62678 | Depths:3 | Noticed a golden dragon
 62695 | Depths:3 | Killed a golden dragon
 62791 | Depths:3 | Identified the +2 scimitar of Evuoposh {spect, *Corrode Fly
                  | Int+3}
 62904 | Depths:3 | Noticed Parghit
 62984 | Depths:2 | Learned a level 4 spell: Vhi's Electric Charge
 63106 | Depths:3 | Learned a level 6 spell: Plasma Beam
 63113 | Depths:3 | Killed Parghit
 63265 | Depths:3 | Acquired 926 gold pieces
 63331 | Depths:3 | Reached skill level 1 in Translocations
 63620 | Depths:4 | Entered Level 4 of the Depths
 63620 | Depths:4 | Found a transporter.
 63621 | Depths:4 | Found a transporter.
 63621 | Depths:4 | Noticed Boris
 63926 | Vaults:5 | Entered Level 5 of the Vaults
 63946 | Vaults:5 | Noticed an ancient lich
 63970 | Vaults:4 | Killed an ancient lich
 64046 | Vaults:5 | Reached XP level 24. HP: 140/171 MP: 27/41
 64348 | Vaults:5 | Identified the dragon-blood talisman of Devotion {rC- Int+5
                  | Dex+3}
 64569 | Vaults:5 | Identified the +1 dagger of the Lair of Beasts {speed, rC++
                  | Str-5 Int+2}
 64572 | Vaults:5 | Identified the amulet of Qayst {Faith Rampage}
 64574 | Vaults:5 | Identified the +5 chain mail of the Dowdy God {*Corrode
                  | rPois Str+3 Dex+3}
 64605 | Vaults:5 | Identified the +4 mace of Extermination {protect, rC+ rN+
                  | rCorr Int+3}
 64657 | Vaults:5 | Identified the +6 orcbow of Ipnylut {flame, Str+2}
 64737 | Vaults:5 | Found the +4 skin of Zhor {*Englaciate rC+++ SInv}
 64790 | Vaults:5 | Reached skill level 5 in Shapeshifting
 64843 | Vaults:5 | Got Ohuiwn's Compendium of the Discontinuous Swarm
 64855 | Vaults:5 | Identified the +1 war axe of the Skies Above {freeze, rC+}
 64867 | Vaults:5 | Reached skill level 10 in Conjurations
 65015 | Vaults:5 | Got a silver rune of Zot
 65023 | Vaults:5 | Noticed a dread lich
 65033 | Vaults:5 | Killed a dread lich
 65276 | Vaults:5 | Noticed an ancient lich
 65297 | Vaults:5 | Killed an ancient lich
 65309 | Vaults:5 | Found Juxusocs's Antique Armour Shop.
 65532 | Vaults:5 | Identified the amulet of Otoushru {RegenMP Rampage rElec
                  | Regen+}
 65779 | Vaults:5 | Bought a scroll of blinking for 165 gold pieces
 65779 | Vaults:5 | Bought a scroll of teleportation for 66 gold pieces
 65854 | Crypt:1  | Entered Level 1 of the Crypt
 66995 | Crypt:2  | Found a runed translucent gate.
 66996 | Crypt:2  | Found a runed translucent gate.
 66997 | Crypt:2  | Found a runed translucent gate.
 66997 | Crypt:2  | Noticed Colgate's ghost (adept DgAE)
 67228 | Crypt:2  | Identified the +11 spear of Viny True Grit {venom, rPois
                  | rN+ Int+3}
 67378 | Crypt:2  | Reached XP level 25. HP: 179/179 MP: 31/41
 67789 | Crypt:3  | Entered Level 3 of the Crypt
 68365 | Crypt:3  | Found a staircase to the Tomb.
 68711 | Crypt:3  | Found an ancient bone altar of Kikubaaqudgha.
 68967 | Crypt:3  | Found the +9 sword of Zonguldrok {reap}
 68969 | Crypt:3  | Noticed an ancient lich
 68975 | Crypt:3  | Killed an ancient lich
 69017 | Crypt:3  | Identified the staff "Killer Klown's Bane" {Fly rElec rPois
                  | Will+ Air}
 70275 | Depths:4 | Reached skill level 15 in Spellcasting
 70371 | Depths:4 | Killed Boris
 70527 | Depths:4 | Found a transporter.
 70528 | Depths:4 | Found a transporter.
 70561 | Depths:4 | Identified the +5 sling "Uschax" {antimagic, rN+}
 70783 | Depths:4 | Found Congui's Assorted Antiques.
 70800 | Depths:4 | Bought a potion of mutation for 416 gold pieces
 71184 | Depths:4 | Got the Octavo of the Hippo
 71212 | Depths:4 | Found a transporter.
 71216 | Depths:4 | Found a transporter.
 71276 | Depths:4 | Found a gate to the Realm of Zot.
 71375 | Hell     | Entered the Vestibule of Hell
 71380 | Hell     | Reached XP level 26. HP: 167/187 MP: 25/42
 71502 | Hell     | Noticed Geryon
 71526 | Hell     | Killed Geryon
 71527 | Hell     | Gained mutation: You are weak. (Str -2) [a cacodemon]
 71811 | Hell     | Noticed Murray
 71847 | Depths:4 | Killed Murray
 72052 | Hell     | Found a gateway to the ashen valley of Gehenna.
 72191 | Hell     | Found a gateway to the freezing wastes of Cocytus.
 72251 | Hell     | Found a gateway to the Iron City of Dis.
 72347 | Hell     | Found a gateway to the decaying netherworld of Tartarus.
 72424 | Zot:1    | Entered Level 1 of the Realm of Zot
 72572 | Zot:1    | Found a huge runed gate.
 72572 | Zot:1    | Found a huge runed gate.
 72572 | Zot:1    | Found a huge runed gate.
 72574 | Zot:1    | Found a huge runed gate.
 72574 | Zot:1    | Found a huge runed gate.
 72575 | Zot:1    | Found a huge runed gate.
 72576 | Zot:1    | Found a huge runed gate.
 72577 | Zot:1    | Found a huge runed gate.
 72578 | Zot:1    | Found a huge runed gate.
 72579 | Zot:1    | Found a huge runed gate.
 72579 | Zot:1    | Found a huge runed gate.
 72588 | Zot:1    | Found a huge runed gate.
 72654 | Zot:1    | Found a huge runed gate.
 72655 | Zot:1    | Found a huge runed gate.
 72661 | Zot:1    | Noticed a Killer Klown
 72661 | Zot:1    | Noticed a Killer Klown
 72661 | Zot:1    | Noticed a Killer Klown
 72661 | Zot:1    | Noticed a Killer Klown
 72676 | Zot:1    | Killed a Killer Klown
 72678 | Zot:1    | Noticed a Killer Klown
 72690 | Zot:1    | Killed a Killer Klown
 72737 | Zot:1    | Killed a Killer Klown
 72743 | Zot:1    | Killed a Killer Klown
 72744 | Zot:1    | Reached skill level 15 in Air Magic
 72745 | Zot:1    | Killed a Killer Klown
 72749 | Zot:1    | Noticed an orb of fire
 72763 | Depths:4 | Reached skill level 10 in Shapeshifting
 72806 | Depths:4 | Learned a level 8 spell: Maxwell's Capacitive Coupling
 72815 | Zot:1    | Killed an orb of fire
 73757 | Zot:2    | Noticed Grunn
 73789 | Zot:2    | Killed Grunn
 73987 | Zot:2    | Reached XP level 27. HP: 191/193 MP: 8/42
 75453 | Zot:3    | Reached skill level 15 in Shields
 75726 | Zot:3    | Identified the +1 chain mail of the Orcish Mines {Harm
                  | rElec rF- SInv}
 77683 | Zot:5    | Entered Level 5 of the Realm of Zot
 78255 | Zot:5    | Noticed a dread lich
 78259 | Zot:5    | Noticed an orb of fire
 78275 | Zot:5    | Killed a dread lich
 78355 | Zot:5    | Gained mutation: You occasionally lose the ability to read
                  | scrolls when taking damage. [an orb of fire]
 78364 | Zot:4    | Killed an orb of fire
 78375 | Zot:5    | Noticed an orb of fire
 78377 | Zot:5    | Noticed an orb of fire
 78378 | Zot:5    | Noticed an orb of fire
 78380 | Zot:5    | Gained mutation: You are vulnerable to heat. (rF-) [an orb
                  | of fire]
 78381 | Zot:5    | Killed an orb of fire
 78388 | Zot:5    | Noticed an ancient lich
 78392 | Zot:5    | Killed an ancient lich
 78415 | Zot:5    | Killed an orb of fire
 78522 | Zot:5    | Noticed a dread lich
 78532 | Zot:5    | Killed a dread lich
 78555 | Zot:5    | Noticed an orb of fire
 78559 | Zot:5    | Killed an orb of fire
 78560 | Zot:5    | Reached skill level 15 in Shapeshifting
 78607 | Zot:5    | Noticed an orb of fire
 78613 | Zot:5    | Noticed an orb of fire
 78613 | Zot:5    | Gained mutation: You sometimes lose your temper in combat.
                  | [an orb of fire]
 78616 | Zot:5    | Killed an orb of fire
 78624 | Zot:5    | Killed an orb of fire
 78667 | Zot:5    | Lost mutation: You occasionally lose the ability to read
                  | scrolls when taking damage. [potion of mutation]
 78667 | Zot:5    | Lost mutation: You are partially covered in iridescent
                  | scales. (AC +2) [potion of mutation]
 78667 | Zot:5    | Gained mutation: One of your tentacles bears a spike.
                  | [potion of mutation]
 78668 | Zot:5    | Lost mutation: You sometimes lose your temper in combat.
                  | [potion of mutation]
 78668 | Zot:5    | Lost mutation: You are weak. (Str -2) [potion of mutation]
 78668 | Zot:5    | Gained mutation: Your muscles are strong. (Str +4, Int/Dex
                  | -1) [potion of mutation]
 78668 | Zot:5    | Gained mutation: You have hidden genetic defects. [potion
                  | of mutation]
 78668 | Zot:5    | Lost mutation: You have hidden genetic defects. [potion of
                  | mutation]
 79589 | Snake:1  | Bought a talisman of death for 880 gold pieces
 80078 | Zot:5    | Got the Orb of Zot
 80109 | Zot:5    | Noticed Viczaeg the pandemonium lord
 80132 | Zot:5    | Killed Viczaeg the pandemonium lord
 80279 | Zot:1    | Noticed Unei the pandemonium lord
 80284 | Zot:1    | Killed Unei the pandemonium lord
 80351 | Depths:4 | Noticed Meutiat the pandemonium lord
 80733 | D:$      | Escaped with the Orb!

Illustrated notes

Levels and vault maps discovered:
D:1:      giann_horns, layout_loops_ring, serial_shops, shop_fountains
D:2:      layout_loops_ring, minmay_bisected
D:3:      layout_loops_ring, gammafunk_temple_overflow_elements,
          portal_sewer_entry_b, uniq_jessica
D:4:      layout_cave_pools
D:5:      lemuel_ice_spiral_2, layout_basic, nicolae_sif_muna_condensation,
          serial_shops, shop, uniq_menkaure
D:6:      layout_cave_pools, mainiacjoe_overflow_24_doors, elyvilon_altar_1,
          minmay_temple_entry_nine_rooms, hangedman_decor_clover_reticule,
          nicolae_the_louvre
D:7:      layout_loops_cross, kennysheep_mini_moat,
          yredelemnul_forgotten_temple_becter, serial_bayou_pond_c
D:8:      layout_basic, lemuel_tele_altar, lair_entry_dummy, minmay_microvault,
          uniq_erica
D:9:      layout_long_grid, lemuel_doored_altar, serial_shops,
          nicolae_shop_behind_doors, solitary_fountain
D:10:     layout_basic, gammafunk_ghost_stat_death,
          minmay_fractal_squares_diagonal_5
D:11:     layout_cave_pools, nicolae_shop_distant_corner_stores
D:12:     layout_roguey, orc_0_dummy, amcnicky_mini_corridor_feature,
          uniq_nessos
D:13:     layout_basic, hex_large
D:14:     layout_rooms, hellmonk_vaults_attempted_burglary,
          portal_ice_cave_entry_frozen_things, serial_shops, shop,
          xom_redecorated
D:15:     grunt_enter_depths_magical_seal, layout_gridville, serial_rivers,
          chequers_serial_rivers_marsh, chequers_serial_rivers_micro_a,
          chequers_serial_rivers_room_b, chequers_serial_rivers_marsh,
          chequers_serial_rivers_small_3, hangedman_abyss_or_decor_lesser_grid,
          uniq_azrael, uniq_josephine
Temple:   hellmonk_temple_forest_ring
Lair:1:   layout_loops_ring
Lair:2:   layout_cave_pods, minmay_snake_entry_spellcaster,
          infiniplex_staircase_pool_2, grunt_megastairs_1
Lair:3:   layout_chaotic_city, mainiacjoe_swamp_entry_lozenge_pond, wad_woods_03
Lair:4:   layout_layer_cave, serial_bayou_shore_b, infiniplex_staircase_pool,
          serial_bayou_shore_a
Lair:5:   gammafunk_lair_ancient_temple, layout_misc_corridors, slime_entry_1,
          minivault_23, serial_bayou_crossing, uniq_urug
Swamp:1:  layout_basic_swamp, nicolae_swamp_feature_on_the_river_bank
Swamp:2:  layout_falls_marsh, hangedman_swamp_diagram, swamp_pool_5,
          nicolae_swamp_super_fun_site
Swamp:3:  layout_basic_swamp, serial_swamp_ruin, evilmike_swamp_ruin_house_4,
          evilmike_swamp_ruin_rubble_1, evilmike_swamp_ruin_house_2,
          swamp_pool_1_2, nzn_swamp_dancing_lights, uniq_mara
Swamp:4:  swamp_alternative, layout_basic_swamp
Snake:1:  layout_concentric_octagons, serial_shops, nicolae_lakefront_shop,
          st_stairs_5, lemuel_fruit_tree, serial_bayou_shore_b,
          minmay_shop_grove, uniq_roxanne
Snake:2:  layout_chambers, nicolae_snake_salamander_stairs, uniq_mlioglotl
Snake:3:  layout_basic, serial_shops, nicolae_shop_drivethru
Snake:4:  hellmonk_snake_rune_quicksilver_temple, layout_basic, serial_shops,
          shop, hangedman_venom_bottle, minmay_shoptagon, uniq_vashnia,
          uniq_asterion, uniq_kirke
Orc:1:    layout_caves, serial_shops, nicolae_shop_tiny_statue_garden,
          uniq_erolcha
Orc:2:    st_orc_ogre_mass, layout_diamond_mine, serial_shops,
          nicolae_shop_tiny_real_fake_doors
Elf:1:    eino_elf_arrival_sip, layout_geoelf_grid, minivault_28,
          lemuel_upstairs_altar, grunt_megastairs_4
Elf:2:    elven_hall_of_blades_hangedman_alternative
          [nicolae_blade_entry_sentries_behind_glass], layout_geoelf_octagon,
          serial_shops, shop, uniq_norris
Elf:3:    grunt_elf_hall_diamonds, layout_gridlike, nicolae_rare_books
Vaults:1: emtedronai_trogs_sanctum, nicolae_vaults_shelves_hall,
          ontoclasm_vaults_spin, nicolae_vaults_taking_the_gang_shopping,
          v_misc_9, ontoclasm_vaults_bender, grunt_vaults_diagonal, v_misc_8,
          nicolae_vaults_little_squares_3, ontoclasm_vaults_decontamination,
          layout_vaults_big_cross
Vaults:2: nzn_ghost_randoct, hangedman_vaults_maws, nicolae_vaults_asterisk,
          nicolae_vaults_murderbox, hangedman_vaults_stagger,
          nicolae_vaults_tangram_2, nicolae_vaults_meiosis,
          ontoclasm_vaults_misaligned, nicolae_vaults_rhombus_7, v_rooms_2,
          nicolae_vaults_offset_grid_hallway_1, nicolae_vaults_yaktaur_gun_rack,
          vaults_room_fours, vaults_mumra_lcd, layout_vaults_maze_snakey,
          uniq_boris, uniq_jory
Vaults:3: nicolae_vaults_trapezoid_lopsided_4, nicolae_vaults_tetromino_L_2,
          minmay_crypt_entry_nasty_monster, nicolae_vaults_more_shelving_2,
          nicolae_vaults_tangram_1, nicolae_vaults_apartment_1, v_pattern_3,
          nicolae_vaults_closet_pinwheel_5, hangedman_vaults_trim,
          layout_vaults_omnigrid, serial_shops, shop, uniq_frederick,
          uniq_saint_roka
Vaults:4: gammafunk_ghost_split, v_misc_4, vaults_room_pools,
          ontoclasm_vaults_chip, nicolae_vaults_display_case,
          vaults_room_large_hall, v_misc_28, vaults_room_hallway,
          vaults_room_fours, nicolae_vaults_house_1, layout_vaults_chaotic_city
Vaults:5: serial_shops
Crypt:1:  layout_chaotic_city, grunt_crypt_arrival_guarded_gate,
          roderic_lattice_octagonal_star
Crypt:2:  layout_misc_corridors, gammafunk_ghost_split
Crypt:3:  evilmike_haunted_forest
Depths:1: layout_gridlike, chequers_serial_rivers_small_a, serial_shops,
          bzr_entry_water, lightli_too_deep, kennysheep_just_a_vault,
          firewood_loft
Depths:2: wad_courtyard, layout_honeycomb, hell_entry, minmay_holes, pan_entry,
          nicolae_uskayaw_dance_hall
Depths:3: nooodl_heptagram, layout_gridlike, enter_ziggurat_f,
          gammafunk_ghost_crypt, hangedman_abyss_entry_splay,
          lemuel_crystal_altar, hell_entry, infiniplex_staircase_zigzag_5,
          uniq_parghit, uniq_margery
Depths:4: grunt_zot_entry_pinwheel, layout_cave_pools, serial_shops,
          nicolae_inconvenience_store, corexii_leaking_fountain, hell_entry,
          st_stairs_9, serial_nicolae_subway, nicolae_sub_station_crystal,
          nicolae_sub_station_stone, nicolae_sub_station_metal
Hell
Zot:1:    nicolae_zot_stationary_front, layout_basic, not_door_vault_due
Zot:2:    layout_cathedral_of_symmetry, regret_index_zotdec_obsidian_hm,
          grunt_megastairs_2, uniq_grunn
Zot:3:    gammafunk_mikee_crab_dinner, layout_twisted_circle, lemuel_elevator,
          regret_index_zotdec_banners
Zot:4:    layout_gridlike, regret_index_zotdec_glowing_original
Zot:5:    layout_misc_corridors, st_stairs_4

Skill      XL: |  1  2  3  4  5  6  7  8  9 10 11 12 13 14 15 16 17 18 19 20 21 22 23 24 25 26 27 |
---------------+----------------------------------------------------------------------------------+-----
Spellcasting   | 1 2 3 4 5 6 7 8 9 10 11 12 13 14 15 16 | 16.3
Stealth        | 7 8 9 10 11 | 11.3
Poison Magic   | 1 2 3 4 6 7 8 9 10 11 12 13 14 15 | 15.3
Polearms       | 3 4 5 |  5.0
Dodging        | 3 4 5 6 7 9 10 11 12 13 14 15 16 | 16.2
Fighting       | 4 5 6 7 8 9 10 11 12 13 14 15 16 17 18 | 18.2
Staves         | 2 4 5 7 8 9 10 11 | 11.5
Evocations     | 2 4 6 7 8 9 10 11 12 13 14 15 16 17 | 17.6
Air Magic      | 2 4 6 7 8 9 10 11 12 13 14 15 18 | 18.0
Conjurations   | 2 4 5 6 7 8 9 10 | 10.3
Fire Magic     | 2 4 5 6 7 8 9 10 11 12 13 | 13.1
Shields        | 2 5 6 7 8 9 10 11 12 13 14 15 | 15.2
Transmutations | 1 4 5 6 7 8 9 10 11 | 11.7
Shapeshifting  | 2 4 6 8 10 16 | 16.5
Translocations | 2 4 |  4.3

Action                     |  1- 3 |  4- 6 |  7- 9 | 10-12 | 13-15 | 16-18 | 19-21 | 22-24 | 25-27 || total
---------------------------+-------+-------+-------+-------+-------+-------+-------+-------+-------++-------
  Melee: Spear             |    52 |   128 |       |       |       |       |       |       |       ||   180
         Constrict         |     6 |    35 |    54 |    43 |    49 |   135 |    66 |    63 |    73 ||   524
         Tentacles         |    11 |    28 |    72 |   114 |   147 |   319 |   211 |   249 |   301 ||  1452
         Punch             |     1 |     4 |     5 |     4 |     7 |    12 |    18 |    22 |    14 ||    87
         Trident           |       |    46 |   129 |       |       |       |       |       |       ||   175
         Staff             |       |       |   150 |   383 |   495 |   994 |   587 |   598 |   701 ||  3908
         Kick              |       |       |       |       |       |       |       |       |    25 ||    25
   Cast: Poisonous Vapours |       |     3 |    93 |   199 |   359 |    59 |    41 |     2 |     1 ||   757
         Mephitic Cloud    |       |       |       |    43 |   113 |    36 |    30 |     2 |       ||   224
         Airstrike         |       |       |       |    10 |   219 |   442 |   141 |    72 |    33 ||   917
         Fireball          |       |       |       |       |    29 |    45 |    14 |    15 |     4 ||   107
         Alistair's Intoxi |       |       |       |       |       |     7 |    22 |     8 |       ||    37
         Olgreb's Toxic Ra |       |       |       |       |       |       |   179 |    55 |    25 ||   259
         Ignite Poison     |       |       |       |       |       |       |   126 |    30 |    24 ||   180
         Arcjolt           |       |       |       |       |       |       |    18 |   284 |   221 ||   523
         Eringya's Noxious |       |       |       |       |       |       |    20 |    42 |    27 ||    89
         Plasma Beam       |       |       |       |       |       |       |       |    51 |   352 ||   403
         Vhi's Electric Ch |       |       |       |       |       |       |       |     1 |     7 ||     8
         Maxwell's Capacit |       |       |       |       |       |       |       |       |    13 ||    13
 Invoke: Potion Petition   |       |       |       |     2 |       |     1 |     4 |     1 |       ||     8
         Call Merchant     |       |       |       |       |     2 |     1 |     3 |     1 |       ||     7
         Bribe Branch      |       |       |       |       |       |       |       |       |     1 ||     1
  Evoke: Wand              |       |       |    13 |    57 |    13 |    17 |     4 |    13 |     4 ||   121
         Tin of tremorston |       |       |       |       |       |     2 |     2 |       |     2 ||     6
         Lightning rod     |       |       |       |       |       |     4 |       |       |       ||     4
         Horn of Geryon    |       |       |       |       |       |       |       |       |     1 ||     1
    Use: Scroll            |     1 |     1 |    10 |    14 |     7 |     8 |     6 |    10 |     4 ||    61
         Potion            |       |     1 |     1 |    11 |     4 |     3 |     3 |     1 |     6 ||    30
   Stab: Sleeping          |    10 |    48 |    14 |     5 |     3 |    13 |    15 |    33 |     5 ||   146
         Distracted        |       |     2 |     1 |       |       |    10 |     7 |     6 |    11 ||    37
         Invisible         |       |       |     2 |       |       |       |       |       |       ||     2
         Confused          |       |       |       |    17 |    28 |    26 |     1 |     2 |       ||    74
         Paralysed         |       |       |       |       |     9 |     7 |       |    17 |       ||    33
 Armour: Skin              |     9 |    20 |    70 |   172 |   109 |   291 |   216 |   217 |   327 ||  1431
  Dodge: Dodged            |    24 |    71 |   259 |   318 |   382 |   734 |   443 |   492 |   808 ||  3531
  Block: Buckler           |       |       |       |       |   104 |   193 |       |       |       ||   297
         Reflection        |       |       |       |       |    12 |     6 |       |       |       ||    18
         Kite shield       |       |       |       |       |       |   241 |   353 |   519 |   839 ||  1952
   Form: Statue            |       |       |       |       |       |       |       |       |     1 ||     1

Table legend: (Time is in decaauts)
 A = Elapsed time spent in this place.
 B = Non-inter-level travel time spent in this place.
 C = Inter-level travel time spent in this place.
 D = Time resting spent in this place.
 E = Time spent auto-exploring this place.
 F = Levels seen in this place.
 G = Mean time per level.
                   A        B        C        D        E       F      G
               +--------+--------+--------+--------+--------+-----+--------+
         Total |  80808 |  73045 |   7763 |  10953 |  44626 |  56 | 1443.0 |
       Dungeon |  20869 |  17674 |   3195 |   2978 |  11140 |  15 | 1391.3 |
        Temple |     37 |     19 |     18 |      0 |      0 |   1 |   37.0 |
          Lair |  11140 |   9980 |   1160 |   2226 |   6004 |   5 | 2228.0 |
         Swamp |   3706 |   3513 |    193 |    328 |   2333 |   4 |  926.5 |
     Snake Pit |   8642 |   8066 |    576 |   1826 |   4274 |   4 | 2160.5 |
  Orcish Mines |   2497 |   2298 |    199 |    690 |    959 |   2 | 1248.5 |
   Elven Halls |   3751 |   3443 |    308 |    211 |   2202 |   3 | 1250.3 |
        Vaults |   8338 |   7684 |    654 |    273 |   5312 |   5 | 1667.6 |
         Crypt |   4000 |   3857 |    143 |    178 |   2834 |   3 | 1333.3 |
        Depths |   6602 |   5950 |    652 |    582 |   3726 |   4 | 1650.5 |
          Hell |    627 |    601 |     26 |      2 |    325 |   1 |  627.0 |
           Zot |   7259 |   6626 |    633 |    631 |   4150 |   5 | 1451.8 |
         Abyss |    108 |    108 |      0 |      0 |     24 |   1 |  108.0 |
        Bazaar |     73 |     73 |      0 |      0 |     37 |   1 |   73.0 |
         Sewer |    494 |    494 |      0 |     86 |    178 |   1 |  494.0 |
      Ice Cave |   2657 |   2657 |      0 |    937 |   1126 |   1 | 2657.0 |
               +--------+--------+--------+--------+--------+-----+--------+

Top non-repeatable levels by time:
 Snake:4: 3645 daAuts
   IceCv: 2657 daAuts
  Lair:5: 2642 daAuts
 Snake:1: 2581 daAuts
  Lair:2: 2484 daAuts
  Lair:4: 2331 daAuts
 Crypt:3: 2063 daAuts
Depths:3: 2029 daAuts
     D:9: 2015 daAuts
    D:10: 1996 daAuts
    D:13: 1964 daAuts
    D:15: 1890 daAuts
Vaults:1: 1885 daAuts
  Lair:1: 1874 daAuts
Vaults:3: 1824 daAuts
